 Dungeon Crawl Stone Soup version 0.27.0-1-g7a089689b8 (webtiles) character file.

Game seed: 8676391767289637171

3341 sobakacece the Severer (level 9, -4/71 HPs)
             Began as a Minotaur Fighter on Aug 15, 2021.
             Was an Elder of Okawaru.
             Slain by a gnoll (5 damage)
             ... on level 8 of the Dungeon.
             The game lasted 00:10:18 (8430 turns).

sobakacece the Severer (Minotaur Fighter)           Turns: 8430, Time: 00:10:18

Health: -4/71      AC: 14    Str: 23    XL:     9   Next: 72%
Magic:  9/9        EV:  2    Int:  5    God:    Okawaru [****..]
Gold:   354        SH: 19    Dex: 11    Spells: 8/8 levels left

rFire    . . .     SeeInvis .   g - +3 hand axe (vorpal)
rCold    . . .     Faith    .   h - +0 tower shield
rNeg     . . .     Spirit   .   l - +0 plate armour
rPois    .         Reflect  +   (helmet restricted)
rElec    .         Harm     .   o - +0 cloak
rCorr    .         Rampage  .   (no gloves)
Will     .....                  v - +0 pair of boots
Stlth    ..........             n - amulet of reflection
HPRegen  0.21/turn              (no ring)
MPRegen  0.11/turn              (no ring)

@: no status effects
A: horns 2, retaliatory headbutt
a: Renounce Religion, Heroism


You were on level 8 of the Dungeon.
You worshipped Okawaru.
Okawaru was greatly pleased with you.
You visited 2 branches of the dungeon, and saw 9 of its levels.

You collected 354 gold pieces.

Inventory:

Hand Weapons
 g - a +3 vorpal hand axe (weapon)
Armour
 b - a +0 scale mail
 c - a +0 kite shield
 h - a +0 tower shield (worn)
 i - a scarf of resistance
 l - a +0 plate armour (worn)
 o - a +0 cloak (worn)
 t - +1 steam dragon scales
 v - a +0 pair of boots (worn)
Jewellery
 n - an amulet of reflection (around neck)
 s - an amulet of magic regeneration
Wands
 u - a wand of acid (6)
Scrolls
 a - 3 scrolls of identify
 e - 3 scrolls of amnesia
 f - a scroll of teleportation
Potions
 d - a potion of attraction {unknown}
 j - 2 potions of resistance {unknown}
 k - 4 potions of degeneration
 m - 2 potions of haste
 p - a potion of lignification {unknown}
 q - 4 potions of flight {unknown}
 r - a potion of curing
 w - a potion of berserk rage {unknown}


   Skills:
 + Level 4.3 Fighting
 + Level 15.1 Axes
 + Level 4.2 Armour
 + Level 4.3 Shields
 + Level 1.4 Invocations


You had 8 spell levels left.
You didn't know any spells.
Your spell library contained the following spells:

 Spells                   Type           Power      Damage    Failure   Level
 Gell's Gravitas          Tloc           0%         N/A       100%        3
 Stone Arrow              Conj/Erth      0%         3d7       100%        3
 Teleport Other           Tloc           0%         N/A       100%        3
 Bolt of Magma            Conj/Fire/Erth 0%         4d4       100%        5
 Dispersal                Tloc           0%         N/A       100%        6
 Shatter                  Erth           0%         3d5*      100%        9


Dungeon Overview and Level Annotations

Branches:
Dungeon (8/15)             Temple (1/1) D:4
   Lair: D:8-11

Altars:
Cheibriados
Elyvilon
Fedhas
Hepliaklqana
Makhleb
Nemelex Xobeh
Okawaru
Qazlal
Sif Muna
Trog
Uskayaw
Vehumet
Wu Jian
The Shining One
Lugonu

Shops:
D:7 *


Innate Abilities, Weirdness & Mutations

You have a pair of horns on your head.
You reflexively headbutt those who attack you in melee.


Message History

The gnoll hits you from afar with a +0 halberd.
You slash the gnoll sergeant!
The gnoll sergeant is almost dead.
You block the gnoll sergeant's attack. You block the gnoll's attack.
The gnoll hits you but does no damage.
You hit the gnoll sergeant.
You kill the gnoll sergeant!
Okawaru accepts your kill. You block the gnoll's attack. x2
You feel better. The gnoll hits you but does no damage.
You block the gnoll's attack.
The gnoll hits you from afar with a +0 halberd!
You slash the gnoll! Your headbutt misses the gnoll.
The gnoll is severely wounded.
You block the gnoll's attack.
The gnoll hits you from afar with a +0 halberd!
* * * LOW HITPOINT WARNING * * *
You barely miss the gnoll.
The gnoll is severely wounded.
You block the gnoll's attack. x2
You hit the gnoll but do no damage.
The gnoll is severely wounded.
You block the gnoll's attack. The gnoll hits you but does no damage.
Your shield and plate armour prevent you from hitting the gnoll.
Your headbutt misses the gnoll.
The gnoll is severely wounded.
You block the gnoll's attack.
The gnoll hits you from afar with a +0 halberd!
* * * LOW HITPOINT WARNING * * *
You hit the gnoll.
You kill the gnoll!
Okawaru accepts your kill.
The gnoll hits you from afar with a +0 halberd.
* * * LOW HITPOINT WARNING * * *
You hit the wyvern. You headbutt the wyvern.
The wyvern is moderately wounded.
You block the wyvern's attack. The wyvern bites you.
* * * LOW HITPOINT WARNING * * *
The gnoll hits you from afar with a +0 halberd.
You die... ####. #.... #.... ..<# #..# #### gg#

..# #l# #.# #@#
#<###########.#
#....))?......#
###############


You could see a wyvern and 2 gnolls.

Vanquished Creatures
  Maggie (D:6)
  Grinder (D:3)
  Sigmund (D:2)
  A steam dragon (D:7)
  The ghost of ketsa the Poker, an amateur MfGl of Vehumet (D:3)
  A water moccasin (D:5)
  An orc warrior (D:7)
  Duvessa (D:7)
  A black bear (D:6)
  A sky beast (D:6)
  2 necrophages
  2 ogres
  A centaur (D:7)
  A phantom (D:7)
  A kobold brigand (D:7)
  A gnoll sergeant (D:8)
  Dowan (D:7)
  A water moccasin zombie (D:5)
  A wyvern zombie (D:5)
  A water moccasin skeleton (D:7)
  A howler monkey (D:6)
  A bullfrog zombie (D:5)
  2 centaur zombies (D:6)
  4 orc priests
  A centaur skeleton (D:4)
  7 hounds
  A jelly (D:6)
  Crazy Yiuf (D:7)
  A bullfrog skeleton (D:5)
  Jessica (D:2)
  3 iguanas
  3 orc wizards
  Natasha (thrice) (D:3)
  Ijyb (D:5)
  The ghost of Zgarb the Covert, a weakling GnDe (D:5)
  2 hound skeletons
  Robin (D:3)
  A howler monkey skeleton (D:7)
  2 gnolls
  10 adders
  A white imp (D:6)
  2 ufetubi
  3 worms
  2 dart slugs
  17 orcs
  4 endoplasms
  3 giant cockroaches
  8 hobgoblins
  4 jackals (D:3)
  10 kobolds
  A quokka (D:4)
  10 ball pythons
  6 bats
  A frilled lizard (D:1)
  17 goblins
  2 rats (D:1)
160 creatures vanquished.

Vanquished Creatures (others)
  9 plants
9 creatures vanquished.

Grand Total: 169 creatures vanquished

Notes
Turn   | Place    | Note
-------+----------+-------------------------------------------
     0 | D:1      | sobakacece the Minotaur Fighter began the quest for the
                  | Orb.
     0 | D:1      | Reached XP level 1. HP: 19/19 MP: 0/0
    53 | D:1      | Found a faded altar of an unknown god.
   293 | D:1      | Reached skill level 3 in Axes
   302 | D:1      | Reached XP level 2. HP: 26/27 MP: 1/1
   853 | D:2      | Noticed Sigmund
  1309 | D:2      | Reached skill level 4 in Axes
  1309 | D:2      | Reached XP level 3. HP: 26/33 MP: 2/2
  1678 | D:2      | Killed Sigmund
  1679 | D:2      | Reached skill level 7 in Axes
  1679 | D:2      | Reached XP level 4. HP: 37/40 MP: 3/3
  1679 | D:2      | Reached XP level 5. HP: 43/46 MP: 4/4
  1850 | D:2      | Noticed Jessica
  1852 | D:2      | Killed Jessica
  2307 | D:3      | Found a shimmering blue altar of Sif Muna.
  2339 | D:3      | You fall into a shaft and drop 1 floor!
  2383 | D:4      | Reached XP level 6. HP: 52/52 MP: 5/5
  2498 | D:4      | Found a staircase to the Ecumenical Temple.
  2539 | Temple   | Entered the Ecumenical Temple
  2556 | Temple   | Became a worshipper of Warmaster Okawaru
  2839 | D:4      | Reached skill level 8 in Axes
  2902 | D:4      | Found a glowing golden altar of the Shining One.
  3103 | D:5      | Entered Level 5 of the Dungeon
  3151 | D:5      | Noticed a water moccasin
  3162 | D:5      | Killed a water moccasin
  3162 | D:5      | Reached * piety under Okawaru
  3163 | D:5      | Reached skill level 9 in Axes
  3163 | D:5      | Reached XP level 7. HP: 26/58 MP: 6/6
  3411 | D:5      | Identified the +0 ring mail of Moral Flaws {rPois}
  3468 | D:5      | Reached skill level 10 in Axes
  3573 | D:5      | Noticed Ijyb
  3573 | D:5      | Paralysed by Ijyb for 7 turns
  3597 | D:5      | Killed Ijyb
  3940 | D:5      | Found a runed translucent door.
  3944 | D:5      | Noticed Zgarb's ghost (weakling GnDe)
  3966 | D:5      | Killed Zgarb's ghost
  3967 | D:5      | Reached skill level 11 in Axes
  4421 | D:3      | Noticed Natasha
  4425 | D:3      | Killed Natasha
  4426 | D:3      | Reached XP level 8. HP: 66/66 MP: 7/7
  4697 | D:3      | Noticed Robin
  4705 | D:3      | Noticed Grinder
  4711 | D:3      | Killed Robin
  4765 | D:3      | Paralysed by Grinder for 2 turns
  4768 | D:3      | Killed Grinder
  4768 | D:3      | Reached ** piety under Okawaru
  4805 | D:3      | Noticed Natasha
  4809 | D:3      | Killed Natasha
  4810 | D:3      | Reached skill level 12 in Axes
  4831 | D:3      | Found a runed translucent door.
  4835 | D:3      | Noticed ketsa's ghost (amateur MfGl)
  5012 | D:3      | Found a bloodstained altar of Trog.
  5063 | D:3      | Noticed Natasha
  5068 | D:3      | Killed Natasha
  5189 | D:3      | Killed ketsa's ghost
  5394 | D:6      | Reached skill level 13 in Axes
  6041 | D:6      | Noticed Maggie
  6065 | D:6      | Killed Maggie
  6065 | D:6      | Reached *** piety under Okawaru
  6066 | D:6      | Reached XP level 9. HP: 37/71 MP: 8/8
  6263 | D:6      | Reached skill level 14 in Axes
  6634 | D:6      | Found a snail-covered altar of Cheibriados.
  6888 | D:7      | Found a hide-covered altar of Uskayaw.
  7235 | D:7      | Reached skill level 15 in Axes
  7340 | D:7      | Noticed Duvessa
  7344 | D:7      | Noticed Dowan
  7352 | D:7      | Killed Duvessa
  7354 | D:7      | Killed Dowan
  7354 | D:7      | Reached **** piety under Okawaru
  7469 | D:7      | Reached skill level 1 in Invocations
  7639 | D:7      | Found Zeafije's Assorted Antiques.
  8030 | D:7      | Found a runed translucent door.
  8031 | D:7      | Noticed Crazy Yiuf
  8101 | D:7      | Killed Crazy Yiuf
  8429 | D:8      | HP: 2/71 [gnoll (4)]
  8430 | D:8      | Slain by a gnoll

Illustrated notes

Levels and vault maps discovered:
D:1:      roderic_dead_forest, layout_basic, dreamdust_ecumenical_altar_statues
D:2:      layout_basic, serial_curves, eino_curves_03, eino_curves_03,
          uniq_jessica, uniq_sigmund
D:3:      layout_basic, mainiacjoe_overflow_paths, trog_book,
          ebering_ghost_reflecting_pool, chequers_mini_garden,
          saegor_snake_ambush, uniq_grinder, uniq_robin, uniq_natasha
D:4:      layout_loops_ring, mainiacjoe_overflow_catwalk,
          minmay_temple_entry_gardened_gates, serial_bayou_pond_b,
          chequers_serial_rivers_micro_b
D:5:      layout_basic, hellmonk_ghost_happy_afterlife, uniq_ijyb
D:6:      layout_cave_pods, cheibrodos_worm_habitat, minmay_bent, uniq_maggie
D:7:      layout_basic, lemuel_round_altar, serial_shops,
          nicolae_lakefront_shop, minmay_misc_feat_five, uniq_duvessa,
          uniq_crazy_yiuf_cottage
D:8:      layout_loops_ring, special_room [special_room_orc],
          nicolae_underground_beach, uniq_pikel, uniq_joseph
Temple:   corrupted_temple

Skill      XL: |  1  2  3  4  5  6  7  8  9 |
---------------+----------------------------+-----
Axes           | 3 4 7 9 11 13 15 | 15.1
Fighting       | 4 |  4.3
Armour         | 4 |  4.2
Shields        | 4 |  4.3
Invocations    | 1 |  1.4

Action                   |  1- 3 |  4- 6 |  7- 9 || total
-------------------------+-------+-------+-------++-------
Melee: Hand axe          |    54 |    86 |   292 ||   432
       War axe           |     5 |       |       ||     5
       Headbutt          |     7 |    11 |    59 ||    77
Evoke: Wand              |       |       |     2 ||     2
  Use: Scroll            |     1 |     7 |     5 ||    13
       Potion            |     1 |     2 |     5 ||     8
Armor: Scale mail        |    23 |    30 |    53 ||   106
       Plate armour      |       |       |     5 ||     5
Dodge: Dodged            |    19 |    20 |    35 ||    74
Block: Kite shield       |    31 |    54 |    75 ||   160
       Tower shield      |       |       |   127 ||   127
       Reflection        |       |       |     4 ||     4
